 Dungeon Crawl Stone Soup version 0.29-a0-845-g6161e89988 (webtiles) character file.

Game seed: 4140233719194892546

37 jjjjhere the Cudgeller (level 3, -1/31 HPs)
             Began as a Meteoran Fighter on July 16, 2022.
             Constricted to death by Terence (3 damage)
             ... on level 1 of the Dungeon.
             The game lasted 00:02:56 (768 turns).

jjjjhere the Cudgeller (Meteoran Fighter)            Turns: 768, Time: 00:02:57

Health: -1/31      AC:  9    Str: 19    XL:     3   Next: 88%
Magic:  4/4        EV:  7    Int: 10    God:
Gold:   38         SH:  5    Dex: 13    Spells: 2/2 levels left

rFire   . . .      SeeInvis .   a - +0 flail
rCold   . . .      Faith    .   c - +0 buckler
rNeg    . . .      Spirit   .   l - +0 ring mail {Will+}
rPois   .          Reflect  .   (no helmet)
rElec   .          Harm     .   (no cloak)
rCorr   .          Rampage  .   (no gloves)
Will    +....                   (no boots)
Stlth   +.........              (no amulet)
HPRegen 0.10/turn               i - +4 ring of protection
MPRegen 0.09/turn               (no ring)

@: mighty, grasped by roots, glowing, constricted
A: sense surroundings 1, otherworldly, glowing, explore regen
a: no special abilities


You were on level 1 of the Dungeon.
You visited 1 branch of the dungeon, and saw 2 of its levels.

You collected 38 gold pieces.

Inventory:

Hand Weapons
 a - a +0 flail (weapon)
Armour
 c - a +0 buckler (worn)
 l - a +0 ring mail of willpower (worn)
Jewellery
 i - a +4 ring of protection (left hand)
Scrolls
 f - a scroll of amnesia {unknown}
 g - a scroll of fog {unknown}
 h - a scroll of teleportation {unknown}
 j - a scroll of noise {unknown}
 k - a scroll of summoning {unknown}
Potions
 e - a potion of magic


   Skills:
 + Level 3.6 Fighting
 * Level 4.6 Maces & Flails
 - Level 3.6 Armour
 - Level 3.6 Shields


You had 2 spell levels left.
You didn't know any spells.
Your spell library was empty.

Dungeon Overview and Level Annotations

Branches:
Dungeon (2/15) Zot: 404

Altars:

Annotations:
D:1 Terence
D:2 Sigmund


Innate Abilities, Weirdness & Mutations

You passively map a small area around you.
You are easily found by Zot.
You glow in the dark.
You regain HP and MP as you explore.


Message History

Terence hits you but does no damage. The grasping roots constrict you.
You closely miss the goblin. The goblin hits you but does no damage.
Terence hits you with a +0 short sword. The grasping roots constrict you.
The grasping roots release their grip on you.
You closely miss the goblin. You block the goblin's attack.
Terence completely misses you. The goblin hits you but does no damage.
Terence hits you with a +0 short sword.
You hit Terence but do no damage.
Terence is lightly wounded.
The goblin completely misses you. Terence hits you but does no damage.
You closely miss Terence.
Terence is lightly wounded.
The goblin barely misses you. Terence closely misses you.
You hit Terence.
Terence is moderately wounded.
You block the goblin's attack. Terence barely misses you.
You hit Terence.
Terence is moderately wounded.
The goblin closely misses you. Terence hits you with a +0 short sword.
* * * LOW HITPOINT WARNING * * *
The goblin hits you but does no damage. Terence hits you but does no damage.
It was a potion of magic.
Magic courses through your body. The goblin barely misses you.
Terence hits you but does no damage.
You feel very mighty all of a sudden. The goblin barely misses you.
Terence zaps a wand.
The roots erupt in riotous growth!
The grasping roots grab you!
Terence is unaffected.
The goblin is unaffected.
The grasping roots constrict you.
* * * LOW HITPOINT WARNING * * *
You thump Terence!
Terence is almost dead.
The goblin hits you with a +0 club.
* * * LOW HITPOINT WARNING * * *
Terence drinks a potion.
Terence is healed!
The grasping roots constrict you.
You hit Terence.
Terence is severely wounded.
The goblin barely misses you.
Terence drinks a potion.
Terence is healed!
The grasping roots constrict you.
You die...

#.# #.# #.#
######## #รท#
#......# #.#
#......# #.#
####### #......#
#.# #......
#......# #@#
#...... #......#
#@# #......
#......# #g#
#...... #......#
#.# #......
###......#####.#
#......
#.'............#
######'
###......#####.#
#. #......#
#.###############.
#......#
#.................
########
#.#######....#####


You could see Terence and a goblin.

Vanquished Creatures
  Robin (D:1)
  3 ball pythons
  4 bats (D:1)
  An endoplasm (D:1)
  A giant cockroach (D:1)
  5 goblins (D:1)
  2 hobgoblins (D:1)
  A quokka (D:1)
  3 frilled lizards (D:1)
  2 kobolds (D:1)
  3 rats (D:1)
26 creatures vanquished.

Vanquished Creatures (others)
  A fungus (D:2)
1 creature vanquished.

Grand Total: 27 creatures vanquished

Notes
Turn   | Place    | Note
-------+----------+-------------------------------------------
     0 | D:1      | jjjjhere the Meteoran Fighter began the quest for the Orb.
     0 | D:1      | Reached XP level 1. HP: 19/19 MP: 2/2
    88 | D:1      | Reached skill level 3 in Maces & Flails
   126 | D:1      | Reached XP level 2. HP: 18/26 MP: 3/3
   337 | D:1      | Reached skill level 4 in Maces & Flails
   384 | D:1      | Reached XP level 3. HP: 31/31 MP: 4/4
   409 | D:2      | Noticed Robin
   409 | D:2      | Noticed Terence
   409 | D:2      | Noticed Sigmund
   690 | D:1      | Killed Robin
   760 | D:1      | HP: 10/31 [Terence/+0 short sword (3)]
   766 | D:1      | HP: 2/31 [constriction (3)]
   768 | D:1      | Constricted to death by Terence

Illustrated notes

Levels and vault maps discovered:
D:1:      dpeg_arrival_arbitrary_a, layout_basic
D:2:      layout_rooms, dreamdust_ecumenical_altar_statues, uniq_robin,
          uniq_terence, uniq_sigmund, uniq_crazy_yiuf_cottage, uniq_natasha

Skill      XL: |  1  2 |
---------------+-------+-----
Maces & Flails | 3 4 |  4.6
Fighting       | |  3.6
Armour         | |  3.6
Shields        | |  3.6

Action                   || total
-------------------------++-------
Melee: Flail             ||    98
  Use: Potion            ||     2
Armor: Scale mail        ||    47
       Ring mail         ||    20
Dodge: Dodged            ||    41
Block: Buckler           ||    36

Table legend: (Time is in decaauts)
 A = Elapsed time spent in this place.
 B = Non-inter-level travel time spent in this place.
 C = Inter-level travel time spent in this place.
 D = Time resting spent in this place.
 E = Time spent auto-exploring this place.
 F = Levels seen in this place.
 G = Mean time per level.
                   A        B        C        D        E       F      G
               +--------+--------+--------+--------+--------+-----+--------+
         Total |    794 |    680 |    114 |      0 |     46 |   2 |  397.0 |
       Dungeon |    794 |    680 |    114 |      0 |     46 |   2 |  397.0 |
               +--------+--------+--------+--------+--------+-----+--------+

Top non-repeatable levels by time:
     D:1: 771 daAuts
     D:2: 23 daAuts
